 Dungeon Crawl Stone Soup version 0.23.0-3-gf3c87f2 (webtiles) character file.

Game seed: 9148334493868643589

19279 poirepourri the Severer (level 12, -4/107 HPs)
             Began as a Minotaur Fighter on Feb 23, 2019.
             Was a High Priest of Okawaru.
             Slain by a catoblepas (8 damage)
             ... while petrified by you
             ... on level 13 of the Dungeon.
             The game lasted 00:14:59 (12523 turns).

poirepourri the Severer (Minotaur Fighter)         Turns: 12523, Time: 00:14:59

Health: -4/107     AC: 11    Str: 21    XL:     12   Next: 35%
Magic:  11/11      EV:  2    Int:  5    God:    Okawaru [*****.]
Gold:   882        SH:  0    Dex: 15    Spells: 11/11 levels left

rFire    + . .     SeeInvis .   a - +0 broad axe (chop)
rCold    . . .     Gourm    .   c - +5 shield
rNeg     + + +     Faith    .   z - +3 scale mail {rN+}
rPois    ∞         Spirit   .   (helmet restricted)
rElec    .         Reflect  .   h - +0 cloak
rCorr    .         Harm     .   (no gloves)
MR       +....                  (no boots)
Stlth    ..........             (no amulet)
HPRegen  0.27/turn              e - ring of protection from fire
MPRegen  0.12/turn              o - ring of protection from magic

@: petrified
A: retaliatory headbutt, horns 2
a: Heroism, Finesse, Renounce Religion


You were on level 13 of the Dungeon.
You worshipped Okawaru.
Okawaru was extremely pleased with you.
You were not hungry.

You visited 1 branch of the dungeon, and saw 13 of its levels.
You also visited: Ossuary.

You collected 882 gold pieces.

Inventory:

Hand Weapons
 a - a +0 broad axe of chopping (weapon)
Missiles
 g - 72 bolts
 r - 3 tomahawks (quivered)
Armour
 c - a +5 shield (worn)
 h - a +0 cloak (worn)
 z - a +3 scale mail of positive energy (worn)
Jewellery
 e - a ring of protection from fire (left hand)
 o - a ring of protection from magic (right hand)
Wands
 b - a wand of random effects (5)
 k - a wand of iceblast (13)
 m - a wand of disintegration (7)
 y - a wand of polymorph (22)
 A - a wand of digging (2)
Scrolls
 n - 2 scrolls of teleportation
 p - 5 scrolls of remove curse
 s - 2 scrolls of silence {unknown}
 t - a scroll of blinking
 B - 4 scrolls of identify
Potions
 d - a potion of cancellation
 f - 4 potions of agility
 i - 6 potions of curing
 j - 6 potions of lignification
 l - 3 potions of flight
 u - a potion of might
 v - a potion of berserk rage
 D - 2 potions of magic
Comestibles
 q - 11 rations


   Skills:
 - Level 10.4 Fighting
 - Level 16.6 Axes
 - Level 3.6 Armour
 + Level 14.0 Shields


You had 11 spell levels left.
You didn't know any spells.
Your spell library contained the following spells:

 Spells                   Type           Power        Failure   Level  Hunger
 Animate Skeleton         Necr           N/A          85%         1    ##.....
 Infusion                 Chrm           #...         85%         1    ##.....
 Pain                     Necr           #...         85%         1    ##.....
 Shroud of Golubria       Chrm/Tloc      #.........   94%         2    ###....
 Song of Slaying          Chrm           #.......     94%         2    ###....
 Regeneration             Chrm/Necr      #.........   99%         3    ####...
 Spectral Weapon          Hex/Chrm       #.......     99%         3    ####...
 Vampiric Draining        Necr           #.........   99%         3    ####...
 Animate Dead             Necr           N/A          100%        4    #####..


Dungeon Overview and Level Annotations

Branches:
Dungeon (13/15)            Temple (0/1) D:6            Lair (0/6) D:11
    Orc (0/2) D:10
 Vaults: D:13-14

Altars:
Cheibriados
Dithmenos
Okawaru
Sif Muna
Wu Jian
Xom
Zin
Beogh

Shops:
D:5 :

Portals:
Trove: D:12 (give horn of Geryon)

Annotations:
D:3 3 runed translucent doors, Vidiiot's ghost, amateur MiAr
D:8 1 runed translucent door


Innate Abilities, Weirdness & Mutations

You reflexively headbutt those who attack you in melee.
You have a pair of horns on your head.


Message History

You headbutt the catoblepas, but do no damage.
The catoblepas is severely wounded.
You are engulfed in calcifying dust.
Your limbs have turned to stone.
The catoblepas gores you but does no damage.
You have turned to stone.
You are engulfed in calcifying dust.
The catoblepas breathes a plume of calcifying dust at you.
The blast of calcifying dust hits you but does no damage.
You are engulfed in calcifying dust.
The catoblepas gores you!
You are engulfed in calcifying dust.
The catoblepas gores you! The catoblepas gores you!! The catoblepas gores you!
* * * LOW HITPOINT WARNING * * *
The catoblepas rams the ground with its head heavily.
The catoblepas gores you!!
* * * LOW HITPOINT WARNING * * *
The catoblepas gores you!!
* * * LOW HITPOINT WARNING * * *
The catoblepas gores you!
You die...

#...# ########.#.# ###..
..........##.####....
.$......^..........#
#.......###.###.####
#......##.#..#..## .
#.........##.....### ...
#.Y....<# #.......#
...###..@..#.####.....#..
.....##...##.(...........
####...#.....######...÷......
..#...................÷....#
#.#.#.........########.....###
#.#.#.............)).)........
#.#...#....##.#..####.......##
#..#^...#.....#..####.......##
###.#...##....................#


You could see a catoblepas.

Vanquished Creatures
  2 two-headed ogres
  A sixfirhy (D:7)
  An unseen horror (D:12)
  2 ugly things
  A cyclops (D:13)
  2 manticores (D:12)
  2 trolls
  5 slime creatures
  2 hornets
  Grinder (D:6)
  3 hippogriffs
  2 water elementals (D:12)
  19 yaks
  2 wyverns
  6 humans (D:7)
  Sigmund (D:4)
  A hungry ghost (D:9)
  4 vampire mosquitoes (D:13)
  Menkaure (D:4)
  A water moccasin (D:10)
  3 ice beasts
  2 porcupines (D:11)
  4 orc warriors
  2 phantoms
  3 black bears
  3 sky beasts
  A necrophage (D:3)
  9 centaurs
  7 ogres
  3 crocodiles
  3 big kobolds
  9 bullfrogs
  4 scorpions
  5 killer bees (D:13)
  8 wights
  3 electric eels (D:12)
  5 howler monkeys
  9 crimson imps
  3 jellies
  2 bullfrog zombies
  2 quasits
  4 hounds
  12 orc wizards
  6 orc priests
  4 centaur skeletons
  A bullfrog skeleton (D:4)
  5 worker ants
  3 hound skeletons
  4 mummies
  A worker ant zombie (D:11)
  5 gnolls
  9 adders
  A howler monkey skeleton (D:6)
  3 shadow imps
  5 adder zombies
  An adder skeleton (D:9)
  3 worms (D:2)
  A dart slug (D:2)
  8 leopard geckos
  51 orcs
  4 giant cockroaches
  7 goblins
  6 hobgoblins
  11 jackals
  4 quokkas
  3 ball pythons
  8 bats
  7 frilled lizards
  2 goblin zombies (Ossuary)
  2 hobgoblin zombies
  27 kobolds
  2 kobold zombies (Ossuary)
  A leopard gecko skeleton (D:4)
  2 orc zombies
  A quokka skeleton (D:8)
  2 quokka zombies (Ossuary)
  14 rats
  6 rat zombies (Ossuary)
  4 fungi (D:11)
  4 plants
393 creatures vanquished.

Vanquished Creatures (others)
  A sky beast (D:6)
  5 fungi (D:11)
  22 plants
28 creatures vanquished.

Grand Total: 421 creatures vanquished

Notes
Turn   | Place    | Note
-------+----------+-------------------------------------------
     0 | D:1      | poirepourri the Minotaur Fighter began the quest for the
                  | Orb.
     0 | D:1      | Reached XP level 1. HP: 19/19 MP: 0/0
    35 | D:1      | Reached skill level 3 in Axes
   107 | D:1      | Reached XP level 2. HP: 26/26 MP: 1/1
   203 | D:1      | Reached skill level 4 in Axes
   223 | D:1      | Reached XP level 3. HP: 27/31 MP: 2/2
   687 | D:2      | Reached skill level 5 in Axes
   733 | D:2      | Reached XP level 4. HP: 30/39 MP: 3/3
  1246 | D:3      | Reached skill level 6 in Axes
  1281 | D:3      | Found a runed translucent gate.
  1281 | D:3      | Found a runed translucent gate.
  1281 | D:3      | Found a runed translucent gate.
  1283 | D:3      | Noticed Vidiiot's ghost (amateur MiAr)
  1285 | D:3      | Identified the +4 mace of Light {pain, Dex+2}
  1296 | D:3      | Found a roughly hewn altar of Beogh.
  1538 | D:3      | Noticed a necrophage
  1551 | D:3      | Killed a necrophage
  1551 | D:3      | Reached skill level 7 in Axes
  1551 | D:3      | Reached XP level 5. HP: 25/41 MP: 4/4
  2255 | D:4      | Reached XP level 6. HP: 26/51 MP: 5/5
  2316 | D:4      | Reached skill level 8 in Axes
  2461 | D:4      | Noticed Menkaure
  2467 | D:4      | Killed Menkaure
  2467 | D:4      | Reached skill level 9 in Axes
  2572 | D:4      | Reached XP level 7. HP: 40/57 MP: 6/6
  2652 | D:4      | Noticed Sigmund
  2670 | D:4      | Killed Sigmund
  2670 | D:4      | Reached skill level 10 in Axes
  2947 | D:5      | Entered Level 5 of the Dungeon
  3028 | D:5      | Found an ornate altar of the Wu Jian Council.
  3029 | D:5      | Found a deep blue altar of Sif Muna.
  3029 | D:5      | Found a shadowy altar of Dithmenos.
  3684 | D:5      | Found a shimmering altar of Xom.
  3689 | D:5      | Reached skill level 11 in Axes
  3710 | D:5      | Found Qiyneam's Book Emporium.
  3926 | D:5      | Reached XP level 8. HP: 62/64 MP: 7/7
  4031 | D:6      | Found an iron altar of Okawaru.
  4062 | D:6      | Reached skill level 12 in Axes
  4069 | D:6      | Became a worshipper of Warmaster Okawaru
  4170 | D:6      | Found a staircase to the Ecumenical Temple.
  4278 | D:6      | Found a sand-covered staircase.
  4294 | Ossuary  | Entered an ossuary
  4557 | D:6      | Reached skill level 13 in Axes
  4824 | D:6      | Noticed Grinder
  4834 | D:6      | Killed Grinder
  4834 | D:6      | Reached * piety under Okawaru
  4834 | D:6      | Reached XP level 9. HP: 59/70 MP: 8/8
  5112 | D:7      | Reached skill level 14 in Axes
  5121 | D:7      | Reached ** piety under Okawaru
  5126 | D:7      | Reached skill level 15 in Axes
  5443 | D:7      | Found a runed translucent door.
  5443 | D:7      | Noticed a sixfirhy
  6011 | D:8      | Identified a scroll of acquirement
  6079 | D:8      | Found a glowing silver altar of Zin.
  6080 | D:8      | Noticed an angel
  6086 | D:8      | Found a runed translucent door.
  6086 | D:8      | Found a snail-covered altar of Cheibriados.
  6341 | D:8      | Reached skill level 16 in Axes
  6458 | D:9      | Reached XP level 10. HP: 70/77 MP: 9/9
  6520 | D:9      | Paralysed by a hornet for 3 turns
  6525 | D:9      | Reached *** piety under Okawaru
  7345 | D:10     | Entered Level 10 of the Dungeon
  7402 | D:10     | Reached skill level 5 in Fighting
  7601 | D:10     | Got a twisted ring mail
  7612 | D:10     | Identified the cursed +1 ring mail "Ifinua" {MP+9 Str-2
                  | Int+2} (You found it on level 10 of the Dungeon)
  7688 | D:10     | Reached **** piety under Okawaru
  8229 | D:10     | Found a staircase to the Orcish Mines.
  8600 | D:11     | Noticed a purple ugly thing
  8608 | D:11     | Killed a purple ugly thing
  8608 | D:11     | Reached skill level 10 in Fighting
  8610 | D:11     | Reached ***** piety under Okawaru
  8620 | D:11     | Reached XP level 11. HP: 69/101 MP: 10/10
  8680 | D:11     | Found a staircase to the Lair.
  8783 | D:11     | Noticed a two-headed ogre
  8793 | D:11     | Killed a two-headed ogre
  8793 | D:11     | Received a gift from Okawaru
  9228 | D:11     | Found a shadowy altar of Dithmenos.
  9243 | D:11     | Got a bronze plate armour
  9254 | D:11     | Identified the +6 plate armour of Boredom {rC+ rN+ Str+3
                  | Dex-4} (You found it on level 11 of the Dungeon)
  9721 | D:12     | Noticed a two-headed ogre
  9729 | D:12     | Killed a two-headed ogre
  9960 | D:12     | Reached skill level 10 in Shields
 10096 | D:12     | Noticed a seven-headed hydra
 10456 | D:12     | HP: 4/101 [seven-headed hydra (4)]
 10463 | D:12     | Found a portal to a secret trove of treasure.
 10747 | D:7      | Killed a sixfirhy
 11054 | D:12     | Killed an unseen horror
 11503 | D:12     | Received a gift from Okawaru
 11692 | D:13     | Reached XP level 12. HP: 107/107 MP: 11/11
 12503 | D:13     | Noticed a catoblepas
 12522 | D:13     | HP: 3/107 [catoblepas (14)]
 12523 | D:13     | Slain by a catoblepas

Skill      XL: |  1  2  3  4  5  6  7  8  9 10 11 12 |
---------------+-------------------------------------+-----
Axes           | 3 4 5 7 9 11 13 16 | 16.6
Fighting       | 10 | 10.4
Shields        | 12 14 | 14.0
Armour         | |  3.6

Action                   |  1- 3 |  4- 6 |  7- 9 | 10-12 || total
-------------------------+-------+-------+-------+-------++-------
Melee: War axe           |    89 |   125 |   243 |       ||   457
       Headbutt          |    13 |    17 |    54 |    99 ||   183
       Broad axe         |       |       |    66 |   483 ||   549
Evoke: Wand              |       |       |     1 |    20 ||    21
  Use: Scroll            |     5 |    10 |    10 |    11 ||    36
       Potion            |       |     3 |     2 |    13 ||    18
  Eat: Ration            |       |     2 |     5 |     6 ||    13
Armor: Scale mail        |    38 |    38 |    85 |   165 ||   326
Dodge: Dodged            |    27 |    38 |    39 |    73 ||   177
Block: Shield            |    52 |    80 |   164 |   344 ||   640
